 Dungeon Crawl Stone Soup version 0.18-a0-917-g8a3da5b (webtiles) character file.

109 sugabear the Ducker (level 4, 0/23 HPs)
             Began as a Vine Stalker Gladiator on Dec 26, 2015.
             Succumbed to an adder's poison
             ... on level 3 of the Dungeon.
             The game lasted 00:02:20 (1775 turns).

sugabear the Ducker (Vine Stalker Gladiator)        Turns: 1775, Time: 00:02:21

Health: 0/23       AC:  4    Str: 18    XL:     4   Next: 90%
Magic:  5/5        EV: 13    Int:  8    God:
Gold:   107        SH:  0    Dex: 15    Spells: 0 memorised, 3 levels left

rFire  . . .     SeeInvis .     a - +0 flail
rCold  . . .     Gourm    .     b - +0 leather armour
rNeg   . . .     Faith    .     (no shield)
rPois  .         Spirit   +     c - +0 helmet
rElec  .         Dismiss  .     (no cloak)
rCorr  .         Reflect  .     (no gloves)
SustAt .         Harm     .     (no boots)
MR     .....                    (no amulet)
Stlth  +.........               (no ring)
                                (no ring)

@: lethally poisoned (0 -> -5), not resistant to hostile enchantments, very
unstealthy
A: fangs 2, regeneration 1, magic shield, antimagic bite, no device heal 3, rot
immunity
a: no special abilities


You were on level 3 of the Dungeon.
You were not hungry.

You visited 1 branch of the dungeon, and saw 3 of its levels.

You collected 107 gold pieces.

Inventory:

Hand Weapons
 a - a +0 flail (weapon)
Missiles
 d - a throwing net (quivered)
 u - 2 javelins
Armour
 b - a +0 leather armour (worn)
 c - a +0 helmet (worn)
 v - a +2 cloak
Jewellery
 h - a cursed -3 ring of slaying {unknown}
 j - a cursed ring of teleportation {unknown}
 p - a cursed -2 ring of evasion {unknown}
Scrolls
 e - 2 scrolls of fog {unknown}
 i - a scroll of identify {unknown}
 l - 2 scrolls of amnesia {unknown}
 m - a scroll of random uselessness {unknown}
 n - a scroll of enchant armour {unknown}
 o - a scroll of blinking {unknown}
 q - 3 scrolls of remove curse {unknown}
Potions
 g - a potion of cure mutation {unknown}
 k - a potion of cancellation
Comestibles
 f - 3 bread rations
 s - a meat ration
 t - 2 chunks of flesh


   Skills:
 + Level 2.5 Fighting
 + Level 3.3 Maces & Flails
 + Level 1.8 Throwing
 + Level 1.0 Armour
 + Level 3.4 Dodging


You had 3 spell levels left.
You didn't know any spells.

Dungeon Overview and Level Annotations

Branches:
Dungeon (3/15)

Altars:
Xom


Innate Abilities, Weirdness & Mutations

You have extremely sharp teeth.
Your natural rate of healing is unusually fast.
When hurt, damage is shared between your health and your magic reserves.
Your bite disrupts and absorbs the magic of your enemies.
Potions and wands cannot restore your health.
You are immune to rotting.


Message History

Press: ? - help, Shift-Dir - straight line, f - adder
Aim: an adder (severely wounded)
You throw a throwing net. The throwing net misses the adder.
* * * LOW HITPOINT WARNING * * *
You feel sick. The adder bites you.
* * * LOW HITPOINT WARNING * * *
The adder bites you but does no damage.
Throwing (i - inventory. (,) - cycle):
d - 2 throwing nets (quivered)
Press: ? - help, Shift-Dir - straight line, f/p - adder
Aim: an adder (severely wounded)
You throw a throwing net.
The throwing net closely misses the adder.
The adder bites you but does no damage.
Drink which item? (? for menu, Esc to quit)
It was a potion of cancellation.
You feel magically purged.
* * * LOW HITPOINT WARNING * * *
You feel sick. The adder barely misses you.
Drink which item? (? for menu, Esc to quit)
It was a potion of magic.
Magic courses through your body.
You die...

............#......####.#
##..#
......................#.#
#...
......................#.#
#...#
......####............#
##..# [.....#
#......#.#...# ..>.
####### ####...._....#
...# #...#.#...# ...+
#.........# #...@.....#
#....S....# #.........+
#.........# #...%...(.#
#######+###


You could see an adder.

Vanquished Creatures
  6 adders
  2 oozes
  A giant cockroach (D:2)
  8 hobgoblins
  6 jackals
  A quokka (D:3)
  3 bats
  3 giant geckos
  A giant newt (D:1)
  9 goblins
  2 kobolds (D:1)
  7 rats
49 creatures vanquished.

Notes
Turn   | Place    | Note
--------------------------------------------------------------
     0 | D:1      | sugabear the Vine Stalker Gladiator began the quest for the Orb.
     0 | D:1      | Reached XP level 1. HP: 11/11 MP: 2/2
    56 | D:1      | Reached XP level 2. HP: 15/15 MP: 3/3
    73 | D:1      | Reached skill level 3 in Maces & Flails
   235 | D:1      | Reached XP level 3. HP: 13/18 MP: 4/4
  1021 | D:2      | Reached XP level 4. HP: 21/23 MP: 5/5
  1414 | D:3      | Reached skill level 1 in Armour
  1692 | D:3      | Found a shimmering altar of Xom.
  1772 | D:3      | HP: 1/23 [adder (2)]
  1775 | D:3      | Succumbed to an adder's poison

Vault maps used:
D:1:      eino_arrival_cavern_a, kennysheep_boxes
D:3:      lemuel_crystal_altar, first_bread

Action                   |  1- 3 |  4- 6 || total
-------------------------+-------+-------++-------
Melee: Flail             |    95 |    64 ||   159
Throw: Throwing net      |       |     2 ||     2
  Use: Potion            |       |     2 ||     2
 Stab: Sleeping          |     1 |       ||     1
  Eat: Chunk             |       |     3 ||     3
